Tappara Tampere vs Laval Squanderers
Created - Monday, September 25, 2023 at 06:57
Goals
|
| Tappara Tampere |
0 |
2 |
1 |
1 |
4 |
| Laval Squanderers |
0 |
2 |
1 |
0 |
3 |
|
Shots
|
| Tappara Tampere |
8 |
10 |
15 |
1 |
34 |
| Laval Squanderers |
7 |
11 |
17 |
0 |
35 |
|
1st period
No Goal
Penalties :
Logan O'Connor (TAP) for High sticking (Minor) at 1:49, Mads Sogaard (LSQ) for Delaying the game (Minor) at 6:46 - Ethen Frank served the penalty, Phillip Di Giuseppe (TAP) for Holding (Minor) at 11:23, Oliver Wahlstrom (LSQ) for Fighting (Major) at 17:26, Andy Andreoff (TAP) for Fighting (Major) at 17:26, Oliver Wahlstrom (LSQ) for instigated a fight (Minor) at 17:26, Oliver Wahlstrom (LSQ) for instigated a fight (10 Minutes Misconduct) at 17:26
2nd period
1. Tappara Tampere , Stefan Noesen 8 (Phillip Di Giuseppe 6, Kiefer Sherwood 7) at 1:34 (PP)
2. Tappara Tampere , Kiefer Sherwood 9 (Kent Johnson 11) at 8:21
3. Laval Squanderers , Ty Emberson 1 (Graeme Clarke 7, Lias Andersson 12) at 10:05 (PP)
4. Laval Squanderers , Cross Hanas 4 (Danila Klimovich 4, Shakir Mukhamadullin 4) at 17:36
Penalties :
Ty Emberson (LSQ) for Slashing (Minor) at 0:19, Kiefer Sherwood (TAP) for Hooking (Minor) at 9:59, Andy Andreoff (TAP) for Holding (Minor) at 14:24, Oliver Wahlstrom (LSQ) for High sticking (Minor) at 18:43
3rd period
5. Laval Squanderers , Cross Hanas 5 (Shakir Mukhamadullin 5, Danila Klimovich 5) at 3:32
6. Tappara Tampere , Andy Andreoff 4 (Stefan Noesen 16) at 12:13
Penalties :
Kaedan Korczak (LSQ) for Interference (Minor) at 4:20
Overtime #1
7. Tappara Tampere , Stefan Noesen 9 (Cam York 4) at 0:56
Penalties :
No Penalty
Goalie Stats
Alex Stalock (TAP), 32 saves from 35 shots - (0.914), W, 8-1-2, 60:56 minutes
Mads Sogaard (LSQ), 30 saves from 34 shots - (0.882), OTL, 10-4-4, 60:56 minutes
Players Stats for Tappara Tampere
Player Name G A P +/- PIM S H SB GA TA FO MP PP MP PK MP
------------------------------------------------------------------------------------
Alex Goligoski 0 0 0 -2 0 1 1 3 0 0 0/0 19:26 0:00 3:14
Andrew Poturalski 0 0 0 0 0 3 0 0 2 1 4/9 15:05 0:00 2:49
Andy Andreoff 1 0 1 2 7 3 5 0 0 0 16/27 18:08 3:20 2:03
Cam York 0 1 1 3 0 1 0 0 0 2 0/0 24:06 4:50 2:43
Chad Ruhwedel 0 0 0 -1 0 3 1 1 1 1 0/0 23:10 4:21 2:49
Fredrik Karlstrom 0 0 0 0 0 1 3 0 0 1 0/2 13:34 1:21 0:00
Isak Rosen 0 0 0 0 0 0 0 0 0 0 0/0 7:05 0:00 0:00
Jan Rutta 0 0 0 2 0 2 1 1 3 0 0/0 24:26 4:50 3:14
Jaycob Megna 0 0 0 0 0 0 2 0 0 1 0/0 17:18 4:21 0:00
Jiri Kulich 0 0 0 0 0 0 1 0 0 0 0/1 7:05 0:00 0:00
Kent Johnson 0 1 1 -1 0 0 1 0 3 0 2/12 18:14 4:40 0:32
Kiefer Sherwood 1 1 2 -1 2 3 3 0 1 1 1/2 17:26 4:30 0:00
Logan O'Connor 0 0 0 -1 2 1 1 1 0 0 0/0 14:58 0:00 1:43
Mattias Janmark 0 0 0 1 0 0 1 0 0 1 0/2 17:56 4:30 0:16
Phillip Di Giuseppe 0 1 1 0 2 6 3 0 0 1 1/2 18:02 4:31 1:36
Stefan Noesen 2 1 3 2 0 8 1 0 1 1 2/2 20:58 4:39 3:07
Urho Vaakanainen 0 0 0 0 0 0 0 0 0 0 0/0 13:26 0:00 0:06
William Eklund 0 0 0 0 0 2 0 0 0 0 0/0 7:13 0:02 0:00
Players Stats for Laval Squanderers
Player Name G A P +/- PIM S H SB GA TA FO MP PP MP PK MP
------------------------------------------------------------------------------------
Braden Schneider 0 0 0 0 0 1 3 3 0 1 0/0 24:27 3:35 4:39
Brayden Pachal 0 0 0 -1 0 0 0 0 0 1 0/0 12:40 0:00 0:00
Brayden Tracey 0 0 0 -1 0 0 4 1 1 1 3/3 14:03 2:57 0:00
Brett Howden 0 0 0 -2 0 4 2 0 1 1 9/21 21:10 3:06 4:45
Cross Hanas 2 0 2 2 0 4 0 0 0 0 1/2 9:47 0:00 0:00
Danila Klimovich 0 2 2 2 0 4 1 2 2 1 1/3 14:05 0:00 2:48
Ethen Frank 0 0 0 -1 0 2 0 0 0 0 5/10 13:55 2:57 0:00
Graeme Clarke 0 1 1 0 0 3 0 0 0 0 5/8 13:51 0:06 0:32
Justin Barron 0 0 0 0 0 3 1 2 2 0 0/0 24:27 3:35 4:39
Kaedan Korczak 0 0 0 -1 2 0 1 2 0 1 0/0 13:11 0:00 0:32
Lias Andersson 0 1 1 -1 0 2 3 2 1 3 7/8 20:46 3:06 4:26
Martin Kaut 0 0 0 -1 0 3 2 0 0 0 0/2 18:30 2:57 4:07
Mike Hardman 0 0 0 0 0 0 1 1 0 0 0/0 10:36 0:00 0:00
Nils Lundkvist 0 0 0 0 0 2 1 1 0 0 0/0 23:49 2:28 4:32
Oliver Wahlstrom 0 0 0 -2 19 2 1 1 2 0 2/2 14:16 3:00 1:44
Shakir Mukhamadullin 0 2 2 2 0 1 0 1 0 1 0/0 9:47 0:00 0:00
Simon Holmstrom 0 0 0 0 0 2 1 1 1 0 0/0 11:53 0:00 0:00
Ty Emberson 1 0 1 0 2 2 1 4 0 1 0/0 23:16 2:28 4:00
3 Stars
1 - Stefan Noesen (TAP)
2 - Cross Hanas (LSQ)
3 - Danila Klimovich (LSQ)
Power Play
Tappara Tampere - 1 on 5 Attempt(s) - 20.00%
Laval Squanderers - 1 on 4 Attempt(s) - 25.00%
Penalty Kill
Tappara Tampere - 3 on 4 Attempt(s) - 75.00%
- Score 0 goal in Penalty Kill
Laval Squanderers - 4 on 5 Attempt(s) - 80.00%
- Score 0 goal in Penalty Kill
Team Stat
Tappara Tampere - Hits : 24 - Faceoff Wins : 26 - Blocked Shots : 6 - Penalty Minutes : 13
Laval Squanderers - Hits : 22 - Faceoff Wins : 33 - Blocked Shots : 21 - Penalty Minutes : 25
Official
Referees : Frederick L'Ecuyer and Rob Martell
Linesman : Jay Sharrers and Brian Murphy
Game Notes
Andy Andreoff beats up Oliver Wahlstrom at 17:26 of 1st period
Tappara Tampere
5 vs 5 Forward
Center Left Wing Right Wing Time % Phy DF OF
1 Andy Andreoff Stefan Noesen Mattias Janmark 32 1 2 2
2 Kent Johnson Logan O'Connor Kiefer Sherwood 32 1 2 2
3 Andrew Poturalski Phillip Di Giuseppe Fredrik Karlstrom 26 1 2 2
4 Jiri Kulich William Eklund Isak Rosen 10 1 2 2
5 vs 5 Defense
Defense Defense Time % Phy DF OF
1 Jan Rutta Cam York 35 1 2 2
2 Chad Ruhwedel Alex Goligoski 35 1 2 2
3 Jaycob Megna Urho Vaakanainen 30 1 2 2
4 Jan Rutta Alex Goligoski 0 1 2 2
PowerPlay Forward
Center Left Wing Right Wing Time % Phy DF OF
1 Andy Andreoff Stefan Noesen Phillip Di Giuseppe 50 1 2 2
2 Kent Johnson Mattias Janmark Kiefer Sherwood 50 1 2 2
PowerPlay Defense
Defense Defense Time % Phy DF OF
1 Jan Rutta Cam York 50 1 2 2
2 Chad Ruhwedel Jaycob Megna 50 1 2 2
Penalty Kill 4 Players Forward
Center Wing Time % Phy DF OF
1 Andy Andreoff Stefan Noesen 50 1 2 2
2 Andrew Poturalski Logan O'Connor 50 1 2 2
Penalty Kill 4 Players Defense
Defense Defense Time % Phy DF OF
1 Jan Rutta Alex Goligoski 50 2 2 1
2 Chad Ruhwedel Cam York 50 2 2 1
Penalty Kill - 3 Players Forward
Forward Time % Phy DF OF
1 Andy Andreoff 50 1 2 2
2 Fredrik Karlstrom 50 1 2 2
Penalty Kill - 3 Players Defense
Defense Defense Time % Phy DF OF
1 Jan Rutta Alex Goligoski 50 2 2 1
2 Chad Ruhwedel Cam York 50 2 2 1
4 vs 4 Forward
Center Wing Time % Phy DF OF
1 Andy Andreoff Stefan Noesen 50 1 2 2
2 Andrew Poturalski Logan O'Connor 50 1 2 2
4 vs 4 Defense
Defense Defense Time % Phy DF OF
1 Jan Rutta Alex Goligoski 50 1 2 2
2 Chad Ruhwedel Cam York 50 1 2 2
Last Minutes Offensive
Center Left Wing Right Wing Defense Defense
Andy Andreoff Stefan Noesen Kent Johnson Jan Rutta Alex Goligoski
Last Minutes Defensive
Center Left Wing Right Wing Defense Defense
Andy Andreoff Phillip Di Giuseppe Logan O'Connor Jan Rutta Alex Goligoski
Goaltenders
Starting : Alex Stalock
Backup : Petr Mrazek
Extra Forwards
Normal : Fredrik Karlstrom, Kent Johnson, Phillip Di Giuseppe - PP : Fredrik Karlstrom, Phillip Di Giuseppe - PK : Phillip Di Giuseppe
Extra Defensemen
Normal : Jaycob Megna, Urho Vaakanainen, Jan Rutta - PP : Jaycob Megna - PK : Urho Vaakanainen, Jan Rutta
Penalty Shots
Stefan Noesen, Mattias Janmark, Logan O'Connor, Andy Andreoff, Kiefer Sherwood
Laval Squanderers
5 vs 5 Forward
Center Left Wing Right Wing Time % Phy DF OF
1 Brett Howden Lias Andersson Oliver Wahlstrom 30 1 2 2
2 Ethen Frank Brayden Tracey Martin Kaut 30 1 2 2
3 Graeme Clarke Mike Hardman Simon Holmstrom 25 1 2 2
4 Cross Hanas Shakir Mukhamadullin Danila Klimovich 15 1 2 2
5 vs 5 Defense
Defense Defense Time % Phy DF OF
1 Braden Schneider Justin Barron 35 1 2 2
2 Nils Lundkvist Ty Emberson 35 1 2 2
3 Brayden Pachal Kaedan Korczak 30 1 2 2
4 Braden Schneider Justin Barron 0 1 2 2
PowerPlay Forward
Center Left Wing Right Wing Time % Phy DF OF
1 Brett Howden Lias Andersson Oliver Wahlstrom 50 1 2 2
2 Ethen Frank Brayden Tracey Martin Kaut 50 1 2 2
PowerPlay Defense
Defense Defense Time % Phy DF OF
1 Braden Schneider Justin Barron 50 1 2 2
2 Nils Lundkvist Ty Emberson 50 1 2 2
Penalty Kill 4 Players Forward
Center Wing Time % Phy DF OF
1 Oliver Wahlstrom Brett Howden 50 1 2 2
2 Lias Andersson Martin Kaut 50 1 2 2
Penalty Kill 4 Players Defense
Defense Defense Time % Phy DF OF
1 Braden Schneider Justin Barron 50 1 2 2
2 Nils Lundkvist Ty Emberson 50 1 2 2
Penalty Kill - 3 Players Forward
Forward Time % Phy DF OF
1 Oliver Wahlstrom 50 1 2 2
2 Brett Howden 50 1 2 2
Penalty Kill - 3 Players Defense
Defense Defense Time % Phy DF OF
1 Braden Schneider Justin Barron 50 1 2 2
2 Nils Lundkvist Ty Emberson 50 1 2 2
4 vs 4 Forward
Center Wing Time % Phy DF OF
1 Oliver Wahlstrom Brett Howden 50 1 2 2
2 Lias Andersson Martin Kaut 50 1 2 2
4 vs 4 Defense
Defense Defense Time % Phy DF OF
1 Braden Schneider Justin Barron 50 1 2 2
2 Nils Lundkvist Ty Emberson 50 1 2 2
Last Minutes Offensive
Center Left Wing Right Wing Defense Defense
Brett Howden Lias Andersson Oliver Wahlstrom Braden Schneider Justin Barron
Last Minutes Defensive
Center Left Wing Right Wing Defense Defense
Brett Howden Lias Andersson Oliver Wahlstrom Braden Schneider Justin Barron
Goaltenders
Starting : Mads Sogaard
Backup : Nico Daws
Extra Forwards
Normal : Graeme Clarke, Simon Holmstrom, Danila Klimovich - PP : Graeme Clarke, Simon Holmstrom - PK : Danila Klimovich
Extra Defensemen
Normal : Brayden Pachal, Kaedan Korczak, Shakir Mukhamadullin - PP : Brayden Pachal - PK : Kaedan Korczak, Shakir Mukhamadullin
Penalty Shots
Oliver Wahlstrom, Brett Howden, Lias Andersson, Martin Kaut, Ethen Frank
% Time on Ice - Tappara Tampere
Lines # - Real PCT - Wanted PCT - Time Play
Normal Forward
1 - 29% - 32% - 13:08
2 - 29% - 32% - 13:08
3 - 26% - 26% - 11:25
4 - 16% - 10% - 7:05
Normal Defense
1 - 34% - 35% - 15:23
2 - 36% - 35% - 15:55
3 - 29% - 30% - 12:57
4 - 1% - 0% - 0:31
PP Forward
1 - 51% - 50% - 4:41
2 - 49% - 50% - 4:30
PP Defense
1 - 53% - 50% - 4:50
2 - 47% - 50% - 4:21
PK Forward
1 - 53% - 50% - 3:14
2 - 47% - 50% - 2:49
PK Defense
1 - 53% - 50% - 3:14
2 - 47% - 50% - 2:49
PK3 Forward
1 - 0% - 50%
2 - 0% - 50%
PK3 Defense
1 - 0% - 50%
2 - 0% - 50%
44 Forward
1 - 61% - 50% - 0:34
2 - 39% - 50% - 0:22
44 Defense
1 - 50% - 50% - 0:28
2 - 50% - 50% - 0:28
Last Minute Offensive - 0:00
Last Minute Defensive - 0:00
Total
Forward - 60:56
Defense - 60:56
|
% Time on Ice - Laval Squanderers
Lines # - Real PCT - Wanted PCT - Time Play
Normal Forward
1 - 30% - 30% - 13:17
2 - 25% - 30% - 11:06
3 - 24% - 25% - 10:36
4 - 22% - 15% - 9:47
Normal Defense
1 - 35% - 35% - 15:32
2 - 37% - 35% - 16:34
3 - 28% - 30% - 12:40
4 - 0% - 0% - 0:00
PP Forward
1 - 51% - 50% - 3:06
2 - 49% - 50% - 2:57
PP Defense
1 - 59% - 50% - 3:35
2 - 41% - 50% - 2:28
PK Forward
1 - 54% - 50% - 4:55
2 - 46% - 50% - 4:16
PK Defense
1 - 51% - 50% - 4:39
2 - 49% - 50% - 4:32
PK3 Forward
1 - 0% - 50%
2 - 0% - 50%
PK3 Defense
1 - 0% - 50%
2 - 0% - 50%
44 Forward
1 - 64% - 50% - 0:36
2 - 36% - 50% - 0:20
44 Defense
1 - 73% - 50% - 0:41
2 - 27% - 50% - 0:15
Last Minute Offensive - 0:00
Last Minute Defensive - 0:00
Total
Forward - 60:56
Defense - 60:56
|
Play-by-Play
1st period
0:01 of 1st period - Andy Andreoff wins face-off versus Brett Howden in neutral zone.
0:12 of 1st period - Slapshot by Mattias Janmark.
0:12 of 1st period - Shot Misses the Net.
0:26 of 1st period - Braden Schneider is hit by Kiefer Sherwood and loses puck.
0:54 of 1st period - Snap shot by Simon Holmstrom.
0:54 of 1st period - Shot Misses the Net.
1:01 of 1st period - Wrist shot by Graeme Clarke.
1:01 of 1st period - Stopped by Alex Stalock with a rebound.
1:20 of 1st period - Wrist shot by William Eklund.
1:20 of 1st period - Shot Blocked by Ty Emberson.
1:22 of 1st period - Slapshot by Chad Ruhwedel.
1:22 of 1st period - Stopped by Mads Sogaard without a rebound.
1:23 of 1st period - Brett Howden wins face-off versus Andy Andreoff in Laval Squanderers zone.
1:49 of 1st period - Minor Penalty to Logan O'Connor for High sticking.
1:50 of 1st period - Andy Andreoff wins face-off versus Brett Howden in Tappara Tampere zone.
2:05 of 1st period - Oliver Wahlstrom is hit by Phillip Di Giuseppe and loses puck.
2:32 of 1st period - Backhand shot by Andy Andreoff.
2:32 of 1st period - Stopped by Mads Sogaard with a rebound.
2:59 of 1st period - Icing by Brett Howden.
3:00 of 1st period - Brayden Tracey wins face-off versus Andrew Poturalski in Laval Squanderers zone.
3:20 of 1st period - Stefan Noesen is hit by Brett Howden and loses puck.
3:49 of 1st period - Penalty to Logan O'Connor is over, Logan O'Connor is back on ice.
4:03 of 1st period - Slapshot by Cross Hanas.
4:03 of 1st period - Stopped by Alex Stalock with a rebound.
4:05 of 1st period - Slapshot by Braden Schneider.
4:05 of 1st period - Shot Blocked by Logan O'Connor.
4:07 of 1st period - Snap shot by Justin Barron.
4:07 of 1st period - Shot Misses the Net.
4:56 of 1st period - Shakir Mukhamadullin is hit by Jaycob Megna and loses puck.
5:54 of 1st period - Slapshot by Ethen Frank.
5:54 of 1st period - Shot Misses the Net.
5:56 of 1st period - Slapshot by Braden Schneider.
5:56 of 1st period - Shot Misses the Net.
5:58 of 1st period - Slapshot by Braden Schneider.
5:58 of 1st period - Stopped by Alex Stalock without a rebound.
5:59 of 1st period - Brayden Tracey wins face-off versus Andrew Poturalski in Tappara Tampere zone.
6:00 of 1st period - Slapshot by Martin Kaut.
6:00 of 1st period - Stopped by Alex Stalock without a rebound.
6:01 of 1st period - Ethen Frank wins face-off versus Phillip Di Giuseppe in Tappara Tampere zone.
6:16 of 1st period - Slapshot by Andrew Poturalski.
6:16 of 1st period - Stopped by Mads Sogaard with a rebound.
6:18 of 1st period - Snap shot by Fredrik Karlstrom.
6:18 of 1st period - Shot Blocked by Kaedan Korczak.
6:44 of 1st period - Snap shot by Phillip Di Giuseppe.
6:44 of 1st period - Stopped by Mads Sogaard with a rebound.
6:46 of 1st period - Snap shot by Andrew Poturalski.
6:46 of 1st period - Stopped by Mads Sogaard without a rebound.
6:46 of 1st period - Minor Penalty to Mads Sogaard for Delaying the game.
6:47 of 1st period - Oliver Wahlstrom wins face-off versus Kent Johnson in Laval Squanderers zone.
7:35 of 1st period - Lias Andersson is hit by Kiefer Sherwood and loses puck.
7:48 of 1st period - Nils Lundkvist is hit by Phillip Di Giuseppe and loses puck.
8:46 of 1st period - Penalty to Ethen Frank is over, Ethen Frank is back on ice.
9:19 of 1st period - Urho Vaakanainen is hit by Justin Barron and loses puck.
9:48 of 1st period - Braden Schneider is hit by Kent Johnson and loses puck.
10:03 of 1st period - Phillip Di Giuseppe is hit by Danila Klimovich and loses puck.
11:23 of 1st period - Minor Penalty to Phillip Di Giuseppe for Holding.
11:24 of 1st period - Ethen Frank wins face-off versus Andy Andreoff in Tappara Tampere zone.
11:29 of 1st period - Snap shot by Ethen Frank.
11:29 of 1st period - Stopped by Alex Stalock with a rebound.
11:31 of 1st period - Slapshot by Justin Barron.
11:31 of 1st period - Stopped by Alex Stalock without a rebound.
11:32 of 1st period - Andy Andreoff wins face-off versus Ethen Frank in Tappara Tampere zone.
13:23 of 1st period - Penalty to Phillip Di Giuseppe is over, Phillip Di Giuseppe is back on ice.
13:29 of 1st period - Wrist shot by William Eklund.
13:29 of 1st period - Shot Misses the Net.
13:51 of 1st period - Kent Johnson is hit by Braden Schneider and loses puck.
14:03 of 1st period - Jaycob Megna is hit by Braden Schneider and loses puck.
14:53 of 1st period - Andrew Poturalski is hit by Ty Emberson and loses puck.
15:04 of 1st period - Simon Holmstrom is hit by Andy Andreoff and loses puck.
15:11 of 1st period - Snap shot by Stefan Noesen.
15:11 of 1st period - Shot Misses the Net.
15:15 of 1st period - Wrist shot by Andy Andreoff.
15:15 of 1st period - Shot Blocked by Ty Emberson.
15:17 of 1st period - Snap shot by Andy Andreoff.
15:17 of 1st period - Shot Hit the Post.
15:31 of 1st period - Wrist shot by William Eklund.
15:31 of 1st period - Shot Misses the Net.
15:33 of 1st period - Slapshot by Jan Rutta.
15:33 of 1st period - Stopped by Mads Sogaard with a rebound.
15:35 of 1st period - Snap shot by William Eklund.
15:35 of 1st period - Stopped by Mads Sogaard without a rebound.
15:36 of 1st period - Ethen Frank wins face-off versus Andy Andreoff in Laval Squanderers zone.
16:01 of 1st period - Oliver Wahlstrom is hit by Fredrik Karlstrom and loses puck.
16:48 of 1st period - Slapshot by Cross Hanas.
16:48 of 1st period - Shot Misses the Net.
17:06 of 1st period - Slapshot by Phillip Di Giuseppe.
17:06 of 1st period - Shot Misses the Net.
17:21 of 1st period - Snap shot by Oliver Wahlstrom.
17:21 of 1st period - Stopped by Alex Stalock without a rebound.
17:22 of 1st period - Stefan Noesen wins face-off versus Brett Howden in Tappara Tampere zone.
17:26 of 1st period - Andy Andreoff beats up Oliver Wahlstrom.
17:26 of 1st period - Penalty to Oliver Wahlstrom for Fighting.
17:26 of 1st period - Penalty to Andy Andreoff for Fighting.
17:26 of 1st period - Penalty to Oliver Wahlstrom for instigated a fight.
17:26 of 1st period - Penalty to Oliver Wahlstrom for instigated a fight.
17:27 of 1st period - Lias Andersson wins face-off versus Fredrik Karlstrom in Laval Squanderers zone.
17:32 of 1st period - Jaycob Megna is hit by Lias Andersson and loses puck.
17:54 of 1st period - Icing by Kiefer Sherwood.
17:55 of 1st period - Danila Klimovich wins face-off versus Kent Johnson in Tappara Tampere zone.
19:08 of 1st period - Jaycob Megna is hit by Lias Andersson and loses puck.
19:21 of 1st period - Braden Schneider is hit by Stefan Noesen and loses puck.
19:26 of 1st period - Penalty to Oliver Wahlstrom is over, Danila Klimovich is send on ice.
19:34 of 1st period - Braden Schneider is hit by Jan Rutta and loses puck.
19:39 of 1st period - Snap shot by Jiri Kulich.
19:39 of 1st period - Deflect By William Eklund.
19:39 of 1st period - Stopped by Mads Sogaard without a rebound.
19:40 of 1st period - Brayden Tracey wins face-off versus Jiri Kulich in Laval Squanderers zone.
19:40 of 1st period - Brayden Tracey is hit by Jiri Kulich.
Goals for this period are 0 for Tappara Tampere vs 0 for Laval Squanderers.
Shots for this period are 8 for Tappara Tampere vs 7 for Laval Squanderers.
2nd period
0:01 of 2nd period - Lias Andersson wins face-off versus Fredrik Karlstrom in neutral zone.
0:19 of 2nd period - Minor Penalty to Ty Emberson for Slashing.
0:20 of 2nd period - Lias Andersson wins face-off versus Kent Johnson in Laval Squanderers zone.
0:26 of 2nd period - Wrist shot by Mattias Janmark.
0:26 of 2nd period - Shot Misses the Net.
0:28 of 2nd period - Wrist shot by Mattias Janmark.
0:28 of 2nd period - Shot Blocked by Justin Barron.
0:30 of 2nd period - Snap shot by Kiefer Sherwood.
0:30 of 2nd period - Shot Misses the Net.
0:32 of 2nd period - Snap shot by Kiefer Sherwood.
0:32 of 2nd period - Shot Misses the Net.
0:34 of 2nd period - Snap shot by Mattias Janmark.
0:34 of 2nd period - Shot Blocked by Lias Andersson.
0:46 of 2nd period - Slapshot by Brett Howden.
0:46 of 2nd period - Stopped by Alex Stalock with a rebound.
1:10 of 2nd period - Snap shot by Kiefer Sherwood.
1:10 of 2nd period - Stopped by Mads Sogaard with a rebound.
1:32 of 2nd period - Wrist shot by Stefan Noesen.
1:32 of 2nd period - Stopped by Mads Sogaard with a rebound.
1:34 of 2nd period - Snap shot by Stefan Noesen.
1:34 of 2nd period - Goal by Stefan Noesen - Tappara Tampere : 1 - Laval Squanderers : 0.
1:35 of 2nd period - Ethen Frank wins face-off versus Andrew Poturalski in neutral zone.
1:38 of 2nd period - Snap shot by Brayden Tracey.
1:38 of 2nd period - Shot Misses the Net.
3:09 of 2nd period - Jaycob Megna is hit by Brayden Tracey.
4:00 of 2nd period - Nils Lundkvist is hit by Chad Ruhwedel and loses puck.
5:28 of 2nd period - Kaedan Korczak is hit by Alex Goligoski and loses puck.
6:57 of 2nd period - Slapshot by Phillip Di Giuseppe.
6:57 of 2nd period - Shot Hit the Post.
7:24 of 2nd period - Snap shot by Cross Hanas.
7:24 of 2nd period - Deflect By Danila Klimovich.
7:24 of 2nd period - Stopped by Alex Stalock with a rebound.
7:34 of 2nd period - Andy Andreoff is hit by Braden Schneider.
7:46 of 2nd period - Slapshot by Chad Ruhwedel.
7:46 of 2nd period - Stopped by Mads Sogaard with a rebound.
8:02 of 2nd period - Logan O'Connor is hit by Mike Hardman and loses puck.
8:15 of 2nd period - Snap shot by Andy Andreoff.
8:15 of 2nd period - Shot Blocked by Ty Emberson.
8:17 of 2nd period - Snap shot by Cam York.
8:17 of 2nd period - Stopped by Mads Sogaard with a rebound.
8:19 of 2nd period - Slapshot by Jan Rutta.
8:19 of 2nd period - Deflect By Stefan Noesen.
8:19 of 2nd period - Shot Blocked by Danila Klimovich.
8:19 of 2nd period - Puck is out of play.
8:20 of 2nd period - Kent Johnson wins face-off versus Ethen Frank in Laval Squanderers zone.
8:21 of 2nd period - Backhand shot by Kiefer Sherwood.
8:21 of 2nd period - Goal by Kiefer Sherwood - Tappara Tampere : 2 - Laval Squanderers : 0.
8:22 of 2nd period - Brett Howden wins face-off versus Kiefer Sherwood in neutral zone.
8:36 of 2nd period - Snap shot by Kiefer Sherwood.
8:36 of 2nd period - Shot Blocked by Nils Lundkvist.
8:48 of 2nd period - Andy Andreoff is hit by Brayden Tracey and loses puck.
8:55 of 2nd period - Snap shot by Brayden Tracey.
8:55 of 2nd period - Shot Misses the Net.
8:57 of 2nd period - Wrist shot by Braden Schneider.
8:57 of 2nd period - Deflect By Ethen Frank.
8:57 of 2nd period - Stopped by Alex Stalock with a rebound.
8:59 of 2nd period - Snap shot by Martin Kaut.
8:59 of 2nd period - Shot Misses the Net.
9:59 of 2nd period - Minor Penalty to Kiefer Sherwood for Hooking.
10:00 of 2nd period - Brett Howden wins face-off versus Andy Andreoff in Tappara Tampere zone.
10:03 of 2nd period - Slapshot by Graeme Clarke.
10:03 of 2nd period - Stopped by Alex Stalock with a rebound.
10:05 of 2nd period - Slapshot by Ty Emberson.
10:05 of 2nd period - Goal by Ty Emberson - Tappara Tampere : 2 - Laval Squanderers : 1.
10:06 of 2nd period - Brett Howden wins face-off versus Kent Johnson in neutral zone.
10:31 of 2nd period - Ethen Frank is hit by Andy Andreoff and loses puck.
10:40 of 2nd period - Backhand shot by Stefan Noesen.
10:40 of 2nd period - Stopped by Mads Sogaard without a rebound.
10:41 of 2nd period - Graeme Clarke wins face-off versus Kent Johnson in Laval Squanderers zone.
11:13 of 2nd period - Wrist shot by Mattias Janmark.
11:13 of 2nd period - Shot Blocked by Ty Emberson.
11:15 of 2nd period - Backhand shot by Stefan Noesen.
11:15 of 2nd period - Shot Blocked by Lias Andersson.
11:27 of 2nd period - Snap shot by Ethen Frank.
11:27 of 2nd period - Shot Misses the Net.
11:29 of 2nd period - Slapshot by Martin Kaut.
11:29 of 2nd period - Shot Misses the Net.
11:31 of 2nd period - Slapshot by Nils Lundkvist.
11:31 of 2nd period - Shot Misses the Net.
11:33 of 2nd period - Snap shot by Nils Lundkvist.
11:33 of 2nd period - Shot Misses the Net.
11:35 of 2nd period - Slapshot by Ty Emberson.
11:35 of 2nd period - Shot Misses the Net.
11:37 of 2nd period - Slapshot by Nils Lundkvist.
11:37 of 2nd period - Shot Misses the Net.
11:49 of 2nd period - Snap shot by Justin Barron.
11:49 of 2nd period - Stopped by Alex Stalock with a rebound.
12:26 of 2nd period - 10 Minutes Misconduct Penalty to Oliver Wahlstrom is over.
12:27 of 2nd period - Stefan Noesen is hit by Brett Howden and loses puck.
12:48 of 2nd period - Wrist shot by Kent Johnson.
12:48 of 2nd period - Shot Blocked by Braden Schneider.
12:50 of 2nd period - Snap shot by Kiefer Sherwood.
12:50 of 2nd period - Shot Blocked by Danila Klimovich.
13:00 of 2nd period - Urho Vaakanainen is hit by Simon Holmstrom and loses puck.
13:09 of 2nd period - Wrist shot by William Eklund.
13:09 of 2nd period - Shot Blocked by Simon Holmstrom.
13:25 of 2nd period - Snap shot by Martin Kaut.
13:25 of 2nd period - Stopped by Alex Stalock without a rebound.
13:26 of 2nd period - Kent Johnson wins face-off versus Ethen Frank in Tappara Tampere zone.
13:28 of 2nd period - Icing by Logan O'Connor.
13:29 of 2nd period - Brett Howden wins face-off versus Kent Johnson in Tappara Tampere zone.
13:44 of 2nd period - Oliver Wahlstrom is hit by Logan O'Connor and loses puck.
14:09 of 2nd period - Snap shot by Oliver Wahlstrom.
14:09 of 2nd period - Stopped by Alex Stalock without a rebound.
14:10 of 2nd period - Andy Andreoff wins face-off versus Ethen Frank in Tappara Tampere zone.
14:16 of 2nd period - Icing by Brayden Tracey.
14:17 of 2nd period - Ethen Frank wins face-off versus Andy Andreoff in Laval Squanderers zone.
14:17 of 2nd period - Ethen Frank is hit by Andy Andreoff.
14:24 of 2nd period - Minor Penalty to Andy Andreoff for Holding.
14:25 of 2nd period - Andrew Poturalski wins face-off versus Brett Howden in Tappara Tampere zone.
16:24 of 2nd period - Penalty to Andy Andreoff is over, Andy Andreoff is back on ice.
16:54 of 2nd period - Shakir Mukhamadullin is hit by Fredrik Karlstrom and loses puck.
17:07 of 2nd period - Kaedan Korczak is hit by Mattias Janmark and loses puck.
17:28 of 2nd period - Wrist shot by Shakir Mukhamadullin.
17:28 of 2nd period - Shot Misses the Net.
17:30 of 2nd period - Snap shot by Cross Hanas.
17:30 of 2nd period - Shot Misses the Net.
17:32 of 2nd period - Slapshot by Kaedan Korczak.
17:32 of 2nd period - Deflect By Shakir Mukhamadullin.
17:32 of 2nd period - Stopped by Alex Stalock with a rebound.
17:34 of 2nd period - Snap shot by Danila Klimovich.
17:34 of 2nd period - Shot Misses the Net.
17:36 of 2nd period - Snap shot by Cross Hanas.
17:36 of 2nd period - Goal by Cross Hanas - Tappara Tampere : 2 - Laval Squanderers : 2.
17:37 of 2nd period - Andy Andreoff wins face-off versus Martin Kaut in neutral zone.
17:48 of 2nd period - Andy Andreoff is hit by Brayden Tracey and loses puck.
17:55 of 2nd period - Nils Lundkvist is hit by Andy Andreoff and loses puck.
18:28 of 2nd period - Logan O'Connor is hit by Lias Andersson and loses puck.
18:43 of 2nd period - Minor Penalty to Oliver Wahlstrom for High sticking.
18:44 of 2nd period - Andy Andreoff wins face-off versus Danila Klimovich in Laval Squanderers zone.
18:47 of 2nd period - Slapshot by Stefan Noesen.
18:47 of 2nd period - Stopped by Mads Sogaard with a rebound.
18:49 of 2nd period - Slapshot by Chad Ruhwedel.
18:49 of 2nd period - Shot Blocked by Justin Barron.
18:51 of 2nd period - Wrist shot by Phillip Di Giuseppe.
18:51 of 2nd period - Shot Misses the Net.
18:53 of 2nd period - Wrist shot by Phillip Di Giuseppe.
18:53 of 2nd period - Stopped by Mads Sogaard with a rebound.
18:55 of 2nd period - Wrist shot by Andy Andreoff.
18:55 of 2nd period - Shot Misses the Net.
19:15 of 2nd period - Snap shot by Kiefer Sherwood.
19:15 of 2nd period - Stopped by Mads Sogaard without a rebound.
19:16 of 2nd period - Kiefer Sherwood wins face-off versus Danila Klimovich in Laval Squanderers zone.
19:50 of 2nd period - Backhand shot by Brett Howden.
19:50 of 2nd period - Shot Misses the Net.
19:52 of 2nd period - Snap shot by Brett Howden.
19:52 of 2nd period - Stopped by Alex Stalock without a rebound.
19:53 of 2nd period - Lias Andersson wins face-off versus Mattias Janmark in Tappara Tampere zone.
Goals for this period are 2 for Tappara Tampere vs 2 for Laval Squanderers.
Shots for this period are 10 for Tappara Tampere vs 11 for Laval Squanderers.
3rd period
0:01 of 3rd period - Lias Andersson wins face-off versus Andy Andreoff in neutral zone.
0:18 of 3rd period - Slapshot by Ty Emberson.
0:18 of 3rd period - Stopped by Alex Stalock with a rebound.
0:24 of 3rd period - Jaycob Megna is hit by Nils Lundkvist and loses puck.
0:37 of 3rd period - Wrist shot by Stefan Noesen.
0:37 of 3rd period - Stopped by Mads Sogaard without a rebound.
0:38 of 3rd period - Lias Andersson wins face-off versus Kent Johnson in Laval Squanderers zone.
0:43 of 3rd period - Penalty to Oliver Wahlstrom is over, Oliver Wahlstrom is back on ice.
0:51 of 3rd period - Snap shot by Mattias Janmark.
0:51 of 3rd period - Shot Blocked by Braden Schneider.
0:53 of 3rd period - Backhand shot by Kent Johnson.
0:53 of 3rd period - Shot Blocked by Braden Schneider.
1:25 of 3rd period - Snap shot by Danila Klimovich.
1:25 of 3rd period - Stopped by Alex Stalock without a rebound.
1:26 of 3rd period - Andrew Poturalski wins face-off versus Cross Hanas in Tappara Tampere zone.
1:31 of 3rd period - Brayden Pachal is hit by Fredrik Karlstrom and loses puck.
1:38 of 3rd period - Snap shot by Cam York.
1:38 of 3rd period - Shot Blocked by Kaedan Korczak.
1:50 of 3rd period - Wrist shot by Cross Hanas.
1:50 of 3rd period - Shot Blocked by Jan Rutta.
1:58 of 3rd period - Ty Emberson is hit by Andy Andreoff and loses puck.
2:53 of 3rd period - Snap shot by Cross Hanas.
2:53 of 3rd period - Stopped by Alex Stalock with a rebound.
2:55 of 3rd period - Slapshot by Ty Emberson.
2:55 of 3rd period - Shot Misses the Net.
2:57 of 3rd period - Slapshot by Danila Klimovich.
2:57 of 3rd period - Stopped by Alex Stalock with a rebound.
2:59 of 3rd period - Backhand shot by Danila Klimovich.
2:59 of 3rd period - Shot Misses the Net.
3:01 of 3rd period - Slapshot by Nils Lundkvist.
3:01 of 3rd period - Deflect By Kiefer Sherwood.
3:01 of 3rd period - Stopped by Alex Stalock with a rebound.
3:03 of 3rd period - Snap shot by Danila Klimovich.
3:03 of 3rd period - Shot Misses the Net.
3:05 of 3rd period - Slapshot by Ty Emberson.
3:05 of 3rd period - Shot Blocked by Alex Goligoski.
3:07 of 3rd period - Slapshot by Ty Emberson.
3:07 of 3rd period - Shot Misses the Net.
3:09 of 3rd period - Wrist shot by Shakir Mukhamadullin.
3:09 of 3rd period - Shot Misses the Net.
3:28 of 3rd period - Wrist shot by Danila Klimovich.
3:28 of 3rd period - Shot Blocked by Alex Goligoski.
3:30 of 3rd period - Slapshot by Shakir Mukhamadullin.
3:30 of 3rd period - Shot Blocked by Alex Goligoski.
3:32 of 3rd period - Wrist shot by Cross Hanas.
3:32 of 3rd period - Goal by Cross Hanas - Tappara Tampere : 2 - Laval Squanderers : 3.
3:33 of 3rd period - Andy Andreoff wins face-off versus Brett Howden in neutral zone.
3:42 of 3rd period - Snap shot by Brett Howden.
3:42 of 3rd period - Stopped by Alex Stalock with a rebound.
3:58 of 3rd period - Cam York is hit by Brayden Tracey and loses puck.
4:20 of 3rd period - Minor Penalty to Kaedan Korczak for Interference.
4:21 of 3rd period - Andy Andreoff wins face-off versus Martin Kaut in Laval Squanderers zone.
4:29 of 3rd period - Slapshot by Andy Andreoff.
4:29 of 3rd period - Shot Misses the Net.
4:31 of 3rd period - Snap shot by Phillip Di Giuseppe.
4:31 of 3rd period - Stopped by Mads Sogaard without a rebound.
4:32 of 3rd period - Lias Andersson wins face-off versus Kent Johnson in Laval Squanderers zone.
4:32 of 3rd period - Lias Andersson is hit by Jaycob Megna.
5:37 of 3rd period - Snap shot by Brett Howden.
5:37 of 3rd period - Stopped by Alex Stalock with a rebound.
5:54 of 3rd period - Icing by Phillip Di Giuseppe.
5:55 of 3rd period - Andy Andreoff wins face-off versus Lias Andersson in Tappara Tampere zone.
5:55 of 3rd period - Andy Andreoff is hit by Martin Kaut.
6:20 of 3rd period - Penalty to Kaedan Korczak is over, Kaedan Korczak is back on ice.
6:31 of 3rd period - Snap shot by Graeme Clarke.
6:31 of 3rd period - Shot Misses the Net.
6:33 of 3rd period - Wrist shot by Simon Holmstrom.
6:33 of 3rd period - Stopped by Alex Stalock with a rebound.
7:22 of 3rd period - Icing by Ty Emberson.
7:23 of 3rd period - Graeme Clarke wins face-off versus Mattias Janmark in Laval Squanderers zone.
7:32 of 3rd period - Slapshot by Graeme Clarke.
7:32 of 3rd period - Stopped by Alex Stalock without a rebound.
7:33 of 3rd period - Andy Andreoff wins face-off versus Brett Howden in Tappara Tampere zone.
8:07 of 3rd period - Snap shot by Martin Kaut.
8:07 of 3rd period - Stopped by Alex Stalock with a rebound.
9:47 of 3rd period - Snap shot by Andrew Poturalski.
9:47 of 3rd period - Shot Misses the Net.
10:03 of 3rd period - Mattias Janmark is hit by Oliver Wahlstrom and loses puck.
10:46 of 3rd period - Snap shot by Martin Kaut.
10:46 of 3rd period - Shot Blocked by Chad Ruhwedel.
10:58 of 3rd period - Slapshot by Alex Goligoski.
10:58 of 3rd period - Stopped by Mads Sogaard with a rebound.
11:02 of 3rd period - Slapshot by Fredrik Karlstrom.
11:02 of 3rd period - Shot Misses the Net.
11:04 of 3rd period - Slapshot by Chad Ruhwedel.
11:04 of 3rd period - Stopped by Mads Sogaard with a rebound.
11:06 of 3rd period - Snap shot by Andrew Poturalski.
11:06 of 3rd period - Stopped by Mads Sogaard without a rebound.
11:07 of 3rd period - Brett Howden wins face-off versus Andy Andreoff in Laval Squanderers zone.
12:05 of 3rd period - Wrist shot by Phillip Di Giuseppe.
12:05 of 3rd period - Stopped by Mads Sogaard without a rebound.
12:06 of 3rd period - Stefan Noesen wins face-off versus Brett Howden in Laval Squanderers zone.
12:07 of 3rd period - Wrist shot by Mattias Janmark.
12:07 of 3rd period - Deflect By Stefan Noesen.
12:07 of 3rd period - Shot Misses the Net.
12:07 of 3rd period - Puck is out of play.
12:08 of 3rd period - Andy Andreoff wins face-off versus Brett Howden in Laval Squanderers zone.
12:11 of 3rd period - Wrist shot by Stefan Noesen.
12:11 of 3rd period - Shot Blocked by Oliver Wahlstrom.
12:13 of 3rd period - Snap shot by Andy Andreoff.
12:13 of 3rd period - Goal by Andy Andreoff - Tappara Tampere : 3 - Laval Squanderers : 3.
12:14 of 3rd period - Andy Andreoff wins face-off versus Brett Howden in neutral zone.
12:19 of 3rd period - Snap shot by Stefan Noesen.
12:19 of 3rd period - Stopped by Mads Sogaard with a rebound.
12:21 of 3rd period - Snap shot by Mattias Janmark.
12:21 of 3rd period - Shot Misses the Net.
12:23 of 3rd period - Wrist shot by Andy Andreoff.
12:23 of 3rd period - Stopped by Mads Sogaard with a rebound.
12:25 of 3rd period - Backhand shot by Stefan Noesen.
12:25 of 3rd period - Stopped by Mads Sogaard with a rebound.
13:32 of 3rd period - Off-side.
13:33 of 3rd period - Andy Andreoff wins face-off versus Brett Howden in neutral zone.
13:49 of 3rd period - Icing by Jan Rutta.
13:50 of 3rd period - Andy Andreoff wins face-off versus Ethen Frank in Tappara Tampere zone.
13:59 of 3rd period - Backhand shot by Mattias Janmark.
13:59 of 3rd period - Shot Blocked by Brayden Tracey.
14:11 of 3rd period - Wrist shot by Stefan Noesen.
14:11 of 3rd period - Shot Misses the Net.
14:13 of 3rd period - Slapshot by Jan Rutta.
14:13 of 3rd period - Stopped by Mads Sogaard without a rebound.
14:14 of 3rd period - Brett Howden wins face-off versus Kent Johnson in Laval Squanderers zone.
14:21 of 3rd period - Brett Howden is hit by Kiefer Sherwood and loses puck.
14:40 of 3rd period - Kent Johnson is hit by Kaedan Korczak and loses puck.
14:55 of 3rd period - Snap shot by Logan O'Connor.
14:55 of 3rd period - Stopped by Mads Sogaard without a rebound.
14:56 of 3rd period - Andy Andreoff wins face-off versus Brett Howden in Laval Squanderers zone.
15:03 of 3rd period - Slapshot by Justin Barron.
15:03 of 3rd period - Stopped by Alex Stalock without a rebound.
15:04 of 3rd period - Andy Andreoff wins face-off versus Brett Howden in Tappara Tampere zone.
15:19 of 3rd period - Snap shot by Oliver Wahlstrom.
15:19 of 3rd period - Deflect By Brett Howden.
15:19 of 3rd period - Shot Misses the Net.
15:19 of 3rd period - Puck is out of play.
15:20 of 3rd period - Graeme Clarke wins face-off versus Andrew Poturalski in Tappara Tampere zone.
15:21 of 3rd period - Snap shot by Simon Holmstrom.
15:21 of 3rd period - Stopped by Alex Stalock without a rebound.
15:22 of 3rd period - Andrew Poturalski wins face-off versus Graeme Clarke in Tappara Tampere zone.
16:31 of 3rd period - Snap shot by Nils Lundkvist.
16:31 of 3rd period - Deflect By Cam York.
16:31 of 3rd period - Stopped by Alex Stalock with a rebound.
16:33 of 3rd period - Wrist shot by Danila Klimovich.
16:33 of 3rd period - Stopped by Alex Stalock without a rebound.
16:34 of 3rd period - Cross Hanas wins face-off versus Andrew Poturalski in Tappara Tampere zone.
16:39 of 3rd period - Slapshot by Justin Barron.
16:39 of 3rd period - Shot Misses the Net.
16:47 of 3rd period - Snap shot by Phillip Di Giuseppe.
16:47 of 3rd period - Deflect By Andrew Poturalski.
16:47 of 3rd period - Shot Blocked by Shakir Mukhamadullin.
16:47 of 3rd period - Puck is out of play.
16:48 of 3rd period - Phillip Di Giuseppe wins face-off versus Graeme Clarke in Laval Squanderers zone.
16:53 of 3rd period - Snap shot by Phillip Di Giuseppe.
16:53 of 3rd period - Stopped by Mads Sogaard with a rebound.
16:55 of 3rd period - Slapshot by Fredrik Karlstrom.
16:55 of 3rd period - Deflect By Andrew Poturalski.
16:55 of 3rd period - Shot Misses the Net.
16:55 of 3rd period - Puck is out of play.
16:56 of 3rd period - Andrew Poturalski wins face-off versus Graeme Clarke in Laval Squanderers zone.
17:28 of 3rd period - Wrist shot by Andrew Poturalski.
17:28 of 3rd period - Shot Blocked by Mike Hardman.
17:30 of 3rd period - Wrist shot by Fredrik Karlstrom.
17:30 of 3rd period - Stopped by Mads Sogaard without a rebound.
17:31 of 3rd period - Brett Howden wins face-off versus Andy Andreoff in Laval Squanderers zone.
17:42 of 3rd period - Slapshot by Oliver Wahlstrom.
17:42 of 3rd period - Shot Misses the Net.
17:44 of 3rd period - Wrist shot by Lias Andersson.
17:44 of 3rd period - Stopped by Alex Stalock with a rebound.
17:46 of 3rd period - Wrist shot by Lias Andersson.
17:46 of 3rd period - Stopped by Alex Stalock without a rebound.
17:47 of 3rd period - Graeme Clarke wins face-off versus Kent Johnson in Tappara Tampere zone.
18:11 of 3rd period - Oliver Wahlstrom is hit by Phillip Di Giuseppe.
18:21 of 3rd period - Wrist shot by Phillip Di Giuseppe.
18:21 of 3rd period - Stopped by Mads Sogaard without a rebound.
18:22 of 3rd period - Graeme Clarke wins face-off versus Andy Andreoff in Laval Squanderers zone.
Goals for this period are 1 for Tappara Tampere vs 1 for Laval Squanderers.
Shots for this period are 15 for Tappara Tampere vs 17 for Laval Squanderers.
Overtime #1
0:01 of 1st overtime period - Oliver Wahlstrom wins face-off versus Andy Andreoff in neutral zone.
0:26 of 1st overtime period - Jan Rutta is hit by Martin Kaut and loses puck.
0:44 of 1st overtime period - Icing by Chad Ruhwedel.
0:45 of 1st overtime period - Brett Howden wins face-off versus Andy Andreoff in Tappara Tampere zone.
0:56 of 1st overtime period - Snap shot by Stefan Noesen.
0:56 of 1st overtime period - Goal by Stefan Noesen - Tappara Tampere : 4 - Laval Squanderers : 3.
Goals for this period are 1 for Tappara Tampere vs 0 for Laval Squanderers.
Shots for this period are 1 for Tappara Tampere vs 0 for Laval Squanderers.
Back to the Top